 Dungeon Crawl Stone Soup version 0.15.0-16-gce31824 (console) character file.

813 jw the Cudgeler (level 7, -1/62 HPs)
             Began as a Minotaur Berserker on Sept 6, 2014.
             Was a Believer of Trog.
             Slain by gw's ghost (8 damage)
             ... on Level 5 of the Dungeon.
             The game lasted 00:04:38 (5289 turns).

jw the Cudgeler (Minotaur Berserker)                Turns: 5289, Time: 00:04:38

HP  -1/62        AC 10     Str 21      XL: 7   Next: 61%
MP   3/3         EV  5     Int  2      God: Trog [**....]
Gold 0           SH  0     Dex 12      Spells:  0 memorised,  6 levels left

rFire  + . .     SeeInvis .     h - +0 morningstar
rCold  . . .     Clarity  .     m - +0 plate armour
rNeg   . . .     rCorr    .     (no shield)
rPois  .         rRot     .     (helmet restricted)
rElec  .         Spirit   .     (no cloak)
SustAb .         Warding  .     (no gloves)
rMut   .         Stasis   .     (no boots)
Gourm  .                        (no amulet)
MR     .....                    (no ring)
                                i - ring of protection from fire

@: starving, very heavily drained, not resistant to hostile enchantments,
extremely unstealthy
A: retaliatory headbutt, horns 2, blink 1, dopey 1, evolution 1, placid magic 1
a: Blink, Burn Spellbooks, Berserk, Trog's Hand, Renounce Religion


You were on level 5 of the Dungeon.
You worshipped Trog.
Trog was pleased with you.
You were starving.

You visited 1 branch of the dungeon, and saw 5 of its levels.

Inventory:

Hand weapons
 h - a +0 morningstar (weapon)
Missiles
 b - 3 steel tomahawks
 e - 102 stones (quivered)
Armour
 m - a +0 plate armour (worn)
Magical devices
 n - a wand of digging (9)
Comestibles
 a - 9 fruits
 c - 4 bread rations
 d - a meat ration
 l - 2 beef jerkies
Scrolls
 g - a scroll of remove curse
 k - a scroll of identify {unknown}
Jewellery
 i - a ring of protection from fire (left hand)
Potions
 f - a potion of magic
 j - a potion of haste {unknown}
 o - a potion of heal wounds


   Skills:
 + Level 5.9(0.0) Fighting
   Level 3.7(0.0) Axes
 * Level 6.3(0.4) Maces & Flails
 + Level 3.5(0.0) Throwing
 + Level 5.0(0.0) Armour
 - Level 2.1(0.0) Dodging


You had 6 spell levels left.
You didn't know any spells.

Dungeon Overview and Level Annotations

Branches:
Dungeon (5/15)             Temple (0/1) D:4

Altars:
Elyvilon
Fedhas
Qazlal
Xom

Annotations:
D:2 exclusion: downstairs
D:3 exclusions: downstairs and upstairs
D:4 exclusion: downstairs
D:5 gw's ghost, experienced DrGl


Innate Abilities, Weirdness & Mutations

You reflexively headbutt those who attack you in melee.
You have a pair of horns on your head.
You can translocate small distances at will.
You are dopey. (Int -2)
You evolve.
Your spells are a little easier to cast, but a little less powerful.


Message History

MOVING TO (5,1) MOVING TO (4,1)
A goblin comes into view. It is wielding a spear.
MOVING TO (3,1)
You are starving!
MOVING TO (2,1) Gw's ghost breathes negative energy at you.
The blast of negative energy hits you!
You feel drained.
MOVING TO (1,1) Gw's ghost breathes negative energy at you.
The blast of negative energy hits you!
You feel drained.
MOVING TO (-8,0)
The goblin barely misses you.
MOVING TO (-7,0)
You hear a distant slurping noise.
MOVING TO (-6,0) Gw's ghost hits you but does no damage.
MOVING TO (-5,0) Gw's ghost hits you!
You die...

..... #.#.#####....#.## #.# ..W#
#...# #...###.# #.# .<.# ###.#
#..).#.## #.# ...# #.# ####...#
#.### ...# #># #.(## #.##. .).#
####.# #..# #.... ..)# #...W#
#..# ####. ...####.##.#
##).######### ##
.........#.#######...........##
#####...........H....######...##
# ##...#......W..g.....#.....# #
##.##########.............. #
#..# #.####........# ########.#
#.# #...#...## .........# #.#
#....# #. #######..# #.# ##..#.#
#..# #.# ###..##.### #..# #.#
#...........
#..#########.###.#........


You could see gw's ghost and a goblin.

Table legend:
 A = Turns spent in this place as a percentage of turns spent in the entire game.
 B = Non-inter-level travel turns spent in this place as a percentage of non-inter-level travel turns spent in the entire game.
 C = Inter-level travel turns spent in this place as a percentage of turns spent in this place.
 D = Turns resting spent in this place as a percentage of non-inter-level travel turns spent in this place.
 E = Turns spent auto-exploring this place as a percentage of non-inter-level travel turns spent in this place.
 F = Non-inter-level travel turns spent in this place divided by the number of levels of this place that you've seen.
                   A       B       C       D       E      F
               +-------+-------+-------+-------+-------+----------------------
         Total | 100.0 | 100.0 |   1.4 |   4.0 |  11.2 | 350.6
       Dungeon | 100.0 | 100.0 |   1.4 |   4.0 |  11.2 | 350.6
               +-------+-------+-------+-------+-------+----------------------

Table legend:
 A = Kills in this place as a percentage of kills in entire the game.
 B = Kills by you in this place as a percentage of kills by you in the entire game.
 C = Kills by friends in this place as a percentage of kills by friends in the entire game.
 D = Other kills in this place as a percentage of other kills in the entire game.
 E = Experience gained in this place as a percentage of experience gained in the entire game.
 F = Experience gained in this place divided by the number of levels of this place that you have seen.
                   A       B       C       D       E      F
               +-------+-------+-------+-------+-------+----------------------
         Total | 100.0 | 100.0 |  -nan |  -nan | 100.0 | 232.4
       Dungeon | 100.0 | 100.0 |  -nan |  -nan | 100.0 | 232.4
               +-------+-------+-------+-------+-------+----------------------

Vanquished Creatures
  The ghost of gw the Cudgeler, an experienced GrFi of Okawaru (D:4)
  The ghost of zercules the Cudgeler, an average MiBe of Trog (D:3)
  A centaur (D:5)
  A scorpion (D:4)
  An iguana (D:4)
  A hound (D:4)
  A worker ant (D:4)
  3 orc wizards (D:3)
  4 adders
  A giant mite (D:2)
  2 worms
  3 giant geckos
  An ooze (D:4)
  7 orcs
  A ball python (D:1)
  10 bats
  5 giant cockroaches
  7 hobgoblins
  2 quokkas
  4 giant newts
  7 goblins
  4 jackals (D:3)
  5 kobolds
  8 rats
  A rat skeleton (D:4)
82 creatures vanquished.

Notes
Turn   | Place    | Note
--------------------------------------------------------------
     0 | D:1      | jw, the Minotaur Berserker, began the quest for the Orb.
     0 | D:1      | Reached XP level 1. HP: 19/19 MP: 1/1
   374 | D:1      | Reached XP level 2. HP: 27/27 MP: 1/1
   432 | D:1      | Reached skill level 1 in Maces & Flails
  1057 | D:1      | Gained mutation: You evolve. [potion of mutation]
  1057 | D:1      | Gained mutation: Your spells are a little easier to cast, but a little less powerful. [potion of mutation]
  1154 | D:2      | Found a shimmering altar of Xom.
  1154 | D:2      | Found a shimmering altar of Xom.
  1154 | D:2      | Found a shimmering altar of Xom.
  1154 | D:2      | Found a shimmering altar of Xom.
  1154 | D:2      | Found a shimmering altar of Xom.
  1155 | D:2      | Found a shimmering altar of Xom.
  1156 | D:2      | Found a shimmering altar of Xom.
  1174 | D:2      | Acquired Trog's second power
  1233 | D:2      | Reached skill level 1 in Throwing
  1374 | D:2      | Reached XP level 3. HP: 33/33 MP: 2/2
  1495 | D:2      | Reached skill level 4 in Fighting
  2211 | D:3      | Found a white marble altar of Elyvilon.
  2211 | D:3      | Noticed an angel
  2225 | D:3      | Reached XP level 4. HP: 40/40 MP: 2/2
  2450 | D:3      | Noticed zercules' ghost (average MiBe)
  2528 | D:3      | Reached XP level 5. HP: 47/47 MP: 2/2
  3059 | D:2      | Gained mutation: You can translocate small distances at will. [evolution]
  3412 | D:3      | Killed zercules' ghost
  3412 | D:3      | Reached skill level 5 in Fighting
  3412 | D:3      | Reached XP level 6. HP: 29/56 MP: 3/3
  3774 | D:4      | Noticed gw's ghost (experienced GrFi)
  3809 | D:4      | Killed gw's ghost
  3809 | D:4      | Reached skill level 5 in Maces & Flails
  3809 | D:4      | Reached XP level 7. HP: 6/61 MP: 3/3
  3880 | D:4      | Gained mutation: You are dopey. (Int -2) [evolution]
  4134 | D:4      | Found a staircase to the Ecumenical Temple.
  4459 | D:4      | Reached skill level 6 in Maces & Flails
  4836 | D:5      | Entered Level 5 of the Dungeon
  4870 | D:5      | Reached skill level 5 in Armour
  5068 | D:5      | Noticed gw's ghost (experienced DrGl)
  5113 | D:5      | Found a blossoming altar of Fedhas.
  5113 | D:5      | Found a stormy altar of Qazlal.
  5113 | D:5      | Found a white marble altar of Elyvilon.
  5289 | D:5      | Slain by gw's ghost

Action                   |  1- 3 |  4- 6 |  7- 9 || total
-------------------------+-------+-------+-------++-------
Melee: Hand axe          |    14 |       |       ||    14
       Whip              |    54 |    36 |       ||    90
       Morningstar       |       |    47 |    41 ||    88
Throw: Stone             |    76 |    26 |    60 ||   162
Invok: Berserk           |     1 |     1 |       ||     2
       Trog's Hand       |       |    10 |     1 ||    11
Evoke: Wand              |       |       |     1 ||     1
  Use: Potion            |     5 |     2 |     4 ||    11
       Scroll            |     3 |     2 |     1 ||     6
  Eat: Chunk             |     4 |     5 |     3 ||    12
       Fruit             |       |     2 |     2 ||     4

Vault maps used:
D:1:      dpeg_arrival_round_b, columned_hall_lemuel
D:2:      xom_redecorated, first_bread
D:3:      lemuel_angel_altar
D:4:      minmay_temple_entry_trees
D:5:      nicolae_overflow_quartered_altars
